[Event "Late-Titled-Tuesday-Blitz-June-25-2024"]
[Site "Chess.com"]
[Date "2024.06.25"]
[Round "6"]
[White "sammartin99"]
[Black "Hirna2005"]
[Result "0-1"]
[WhiteElo "2496"]
[BlackElo "2375"]
[TimeControl "180+1"]
[EndTime "15:03:28 PDT"]
[Termination "Hirna2005 won by resignation"]

1. d4 g6 2. e4 Bg7 3. Nc3 d6 4. Be3 a6 5. Qd2 b5 6. h4 Nf6 7.
f3 h5 8. Nh3 Bxh3 9. Rxh3 Nbd7 10. O-O-O Rc8 11. e5 dxe5 12. dxe5 Nxe5 13. Qf2 Ned7 14.
Bd3 O-O 15. Rg1 c5 16. g4 c4 17. Be2 b4 18. Ne4 hxg4 19. Nxf6+ Nxf6 20. fxg4 Ne4 21. Qf3 b3 22. a3 c3 23. bxc3 b2+ 24. Kxb2 Nxc3 25. Kc1 Qa5 26. Bg5 Rfd8 0-1

[Event "Late-Titled-Tuesday-Blitz-June-25-2024"]
[Site "Chess.com"]
[Date "2024.06.25"]
[Round "6"]
[White "grzechu96"]
[Black "Msb2"]
[Result "0-1"]
[WhiteElo "2775"]
[BlackElo "3075"]
[TimeControl "180+1"]
[EndTime "15:03:30 PDT"]
[Termination "Msb2 won on time"]

1. e4 e6 2. d4 d5 3. e5 c5 4. c3 Nc6 5. Nf3 Nge7 6. Na3 Bd7 7. Nc2 Qa5 8. Bd2 Qb6 9. dxc5 Qc7 10. b4 Ng6 11. Ncd4 Ncxe5 12. Nxe5 Nxe5 13. f4 Nc4 14.
Bxc4 dxc4 15. Qe2 b6 16. c6 Bxc6 17. Qxc4 Rc8 18. Qxc6+ Qxc6 19. Nxc6 Rxc6 20. Ke2 g6 21.
Rac1 Bg7 22. c4 O-O 23. Be3 Rfc8 24. c5 bxc5 25. Rxc5 Bf8 26. Rxc6 Rxc6 27. Bxa7 Bxb4 28. Rb1 Rc2+ 29. Kd3 Rd2+ 30. Ke3 Rxa2 31. Bd4 Ra4 32. g3 h6 33. Bf6 Kh7 34. Kf3 g5 0-1

[Event "Late-Titled-Tuesday-Blitz-June-25-2024"]
[Site "Chess.com"]
[Date "2024.06.25"]
[Round "6"]
[White "Heliosis11"]
[Black "Juliana_Figueira"]
[Result "1-0"]
[WhiteElo "2430"]
[BlackElo "1999"]
[TimeControl "180+1"]
[EndTime "15:03:30 PDT"]
[Termination "Heliosis11 won by checkmate"]

1. e4 c5 2. Nf3 d6 3. Bb5+ Bd7 4. Bxd7+ Qxd7 5. c4 Nf6 6. Nc3 Nc6 7. d4 cxd4 8.
Nxd4 Nxd4 9. Qxd4 e6 10. Bg5 Be7 11. O-O O-O 12. Rad1 Rac8 13. b3 Rfd8 14. Qxa7 Qc6 15. Qe3 h6 16. Bh4 Ng4 17. Qg3 Bxh4 18. Qxh4 Ne5 19.
f4 Ng6 20. Qg3 Qb6+ 21. Kh1 Qa5 22. f5 exf5 23. exf5 Ne5 24. Nd5 Nc6 25. f6 g6 26.
Qh4 Kh7 27. Rd3 Qxa2 28. Rh3 Qd2 29. Nf4 h5 30. Qg5 Kg8 31. Rxh5 Kf8 32. Rh8# 1-0

[Event "Late-Titled-Tuesday-Blitz-June-25-2024"]
[Site "Chess.com"]
[Date "2024.06.25"]
[Round "6"]
[White "CM_rui"]
[Black "Bob_2004"]
[Result "1-0"]
[WhiteElo "2571"]
[BlackElo "2722"]
[TimeControl "180+1"]
[EndTime "15:03:34 PDT"]
[Termination "CM_rui won by resignation"]

1. e4 c5 2. Nf3 d6 3. d4 cxd4 4. Nxd4 Nf6 5. f3 e5 6. Nb3 Be6 7. c4 Nbd7 8. Nc3 Be7 9. Be3 O-O 10. Be2 Ne8 11. Rc1 f5 12. exf5 Bxf5 13. Qd5+ Kh8 14. Qxb7 Bh4+ 15. g3 Rb8 16. Qxa7 Bg5 17. O-O Bh3 18.
Rfd1 Ra8 19. Bxg5 Qxg5 20. Qxa8 Qe3+ 21. Kh1 Nef6 22. Qc6 e4 23. Rg1 Ng4 24. fxg4 Rf2 25. Qxd7 h6 26. Qe8+ Kh7 27. Qxe4+ 1-0

[Event "Late-Titled-Tuesday-Blitz-June-25-2024"]
[Site "Chess.com"]
[Date "2024.06.25"]
[Round "6"]
[White "Chempiblinka"]
[Black "anthonydrayton"]
[Result "1-0"]
[WhiteElo "2398"]
[BlackElo "2111"]
[TimeControl "180+1"]
[EndTime "15:03:38 PDT"]
[Termination "Chempiblinka won by resignation"]

1. Nf3 Nf6 2. g3 g6 3. Bg2 Bg7 4. O-O O-O 5. c4 Nc6 6. Nc3 e5 7. d3 b6 8. Nxe5 Nxe5 9. Bxa8 c6 10. Bf4 Ne8 11. Qa4 a6 12. d4 b5 13. cxb5 axb5 14. Nxb5 cxb5 15. Qxb5 Nc7 16. Qb8 Nxa8 17. Bxe5 Bxe5 18. dxe5 Nb6 19. a4 Nc4 20. Rfc1 Na5 21.
Rc5 Nb3 22. Qxb3 Qe7 23. Qc3 Bb7 24. b4 Qe6 25. b5 d6 26. Rc7 Ba8 27. b6 Qd5 28. f3 dxe5 29. a5 e4 30. a6 exf3 31. exf3 Qxf3 32. Qxf3 Bxf3 33. b7 1-0

[Event "Late-Titled-Tuesday-Blitz-June-25-2024"]
[Site "Chess.com"]
[Date "2024.06.25"]
[Round "6"]
[White "TigrVShlyape"]
[Black "Crazy_girl99"]
[Result "1-0"]
[WhiteElo "2992"]
[BlackElo "2701"]
[TimeControl "180+1"]
[EndTime "15:03:42 PDT"]
[Termination "TigrVShlyape won by resignation"]

1. d4 Nf6 2. Nf3 d5 3. Bf4 e6 4. e3 c5 5. c3 Qb6 6. Qb3 c4 7. Qc2 Bd6 8. Bg3 Ne4 9. Nbd2 f5 10.
Bxd6 Qxd6 11. b3 cxb3 12. axb3 Nc6 13. b4 O-O 14. b5 Ne7 15. c4 Qb4 16. Ra4 Qd6 17.
c5 Qc7 18. Bd3 Ng6 19. O-O Bd7 20. Rfa1 a6 21. R4a2 f4 22. b6 Qc8 23. Nxe4 dxe4 24.
Bxe4 fxe3 25. fxe3 Bc6 26. Bxg6 hxg6 27. Ne5 Bd5 28.
Ra3 Qe8 29. h3 Rf6 30. Rd1 Rd8 31. Raa1 g5 32. Rf1 Qh5 33. e4 Qh7 34. Rae1 Rxf1+ 35.
Kxf1 Rf8+ 36. Kg1 Rf4 37. c6 Bxe4 38. c7 Bxc2 39. c8=Q+ Rf8 40. Qxe6+ Kh8 41. Nf7+ Rxf7 42. Qxf7 Ba4 43. Qxb7 Qd3 44. Qa8+ Kh7 45. Qe4+ 1-0

[Event "Late-Titled-Tuesday-Blitz-June-25-2024"]
[Site "Chess.com"]
[Date "2024.06.25"]
[Round "6"]
[White "ValeriyGrinev"]
[Black "BardArtem"]
[Result "1/2-1/2"]
[WhiteElo "2596"]
[BlackElo "2817"]
[TimeControl "180+1"]
[EndTime "15:03:43 PDT"]
[Termination "Game drawn by agreement"]

1. d4 d5 2. c4 e6 3. Nf3 Nf6 4. e3 c5 5. dxc5 Bxc5 6. a3 a5 7. Nc3 O-O 8. cxd5 exd5 9. Be2 Nc6 10. O-O Re8 11. Nb5 Bb6 12. b3 Ne4 13. Bb2 h6 14. Rc1 Bg4 15. Nfd4 Bd7 16. a4 Rc8 17. Bg4 Nxd4 18.
Rxc8 Bxc8 19. Nxd4 Qg5 20. Bxc8 Rxc8 21. Qe2 Qg6 22. Rd1 Nc3 23. Bxc3 Rxc3 24. g3 Qe4 25.
Qd2 Bxd4 26. Qxd4 Qxd4 27. Rxd4 Rxb3 28. Rxd5 b6 29. Rd8+ Kh7 30. Rb8 Kg6 31. Kg2 Kf6 32. Kf3 Rb4 33. Rb7 Ke6 34. g4 Kf6 1/2-1/2

[Event "Late-Titled-Tuesday-Blitz-June-25-2024"]
[Site "Chess.com"]
[Date "2024.06.25"]
[Round "6"]
[White "wonderfultime"]
[Black "Aswathchess"]
[Result "1-0"]
[WhiteElo "3047"]
[BlackElo "2776"]
[TimeControl "180+1"]
[EndTime "15:03:45 PDT"]
[Termination "wonderfultime won by resignation"]

1. d4 Nf6 2. Nf3 a6 3. Bf4 e6 4. e3 d5 5. Bd3 Bd6 6. Nbd2 O-O 7. O-O c5 8. c3 Qc7 9. Bxd6 Qxd6 10. Ne5 b5 11. f4 b4 12. Rf3 Bb7 13. Rh3 g6 14.
Qe1 Ne4 15. Bxe4 dxe4 16. dxc5 Qxc5 17. Nb3 Qe7 18. cxb4 Nc6 19. Nc5 Nxe5 20. fxe5 Bd5 21. Qh4 Qxh4 22. Rxh4 Rfb8 23. a3 a5 24. Nd7 axb4 25.
Nxb8 Rxb8 26. a4 Rc8 27. Rf4 Ra8 28. a5 Ra6 29. g4 Kf8 30. g5 Ke8 31. Rff1 Ke7 32.
Rfc1 Kd7 33. Rc5 Kd8 34. Kf2 Kd7 35. Ke2 Kd8 36. Kd2 Kd7 37. Ra4 b3 38. Kc3 Kd8 39. Rb4 Kd7 40. Rb6 Ra7 41. a6 Kd8 42. Kb4 Kd7 43. Ka5 Kd8 44. Rd6+ Ke7 45. Kb6 Ra8 46. a7 Kf8 47. Rcxd5 exd5 48. Kb7 Rxa7+ 49. Kxa7 1-0

[Event "Late-Titled-Tuesday-Blitz-June-25-2024"]
[Site "Chess.com"]
[Date "2024.06.25"]
[Round "6"]
[White "nitpicker"]
[Black "bazar-wokzal"]
[Result "0-1"]
[WhiteElo "2347"]
[BlackElo "2612"]
[TimeControl "180+1"]
[EndTime "15:03:45 PDT"]
[Termination "bazar-wokzal won by resignation"]

1. d4 Nf6 2. c4 Nc6 3. Nf3 e6 4. a3 g6 5. Bg5 Bg7 6. Nc3 h6 7. Bh4 O-O 8. e3 Ne7 9. Bd3 d5 10. Qc2 b6 11. O-O dxc4 12. Bxc4 Nf5 13. Bg3 Nxg3 14. hxg3 Bb7 15. Rfd1 Qe7 16. Rac1 Rfd8 17. b4 Rac8 18. Qb3 c5 19. dxc5 bxc5 20. b5 Bxf3 21. gxf3 Nd7 22. a4 Ne5 23. Be2 c4 24. Qa2 Nd3 25.
Bxd3 cxd3 26. Qb3 d2 27. Rc2 Rd3 28. a5 Rdxc3 29. Rxc3 Bxc3 30. Qa4 Qb4 0-1

[Event "Late-Titled-Tuesday-Blitz-June-25-2024"]
[Site "Chess.com"]
[Date "2024.06.25"]
[Round "6"]
[White "jlf287"]
[Black "Greguer"]
[Result "0-1"]
[WhiteElo "2473"]
[BlackElo "2345"]
[TimeControl "180+1"]
[EndTime "15:03:47 PDT"]
[Termination "Greguer won by checkmate"]

1. d4 d5 2. c4 c6 3. Nf3 Nf6 4. g3 a6 5. Bg2 Bg4 6. Ne5 Bf5 7. O-O e6 8. Qb3 Ra7 9. Nc3 Nbd7 10. Bf4 Be7 11.
Rac1 O-O 12. Rfd1 h6 13. h3 Bh7 14. g4 Ne8 15. e3 Nd6 16. c5 Ne8 17. Re1 Nxe5 18.
Bxe5 Nf6 19. Qd1 Ra8 20. b4 Nd7 21. Bg3 f5 22. a4 fxg4 23. hxg4 Bh4 24. Ne2 Qf6 25.
Bxh4 Qxh4 26. Ng3 Nf6 27. Bf3 Ne4 28. Bxe4 Bxe4 29. Nxe4 dxe4 30. Qe2 Rf3 31. Kg2 Qxg4+ 32. Kf1 Raf8 33. Red1 Qh4 34. Ke1 Rxf2 35. Qc4 Rc2# 0-1

[Event "Late-Titled-Tuesday-Blitz-June-25-2024"]
[Site "Chess.com"]
[Date "2024.06.25"]
[Round "6"]
[White "PNEPaul"]
[Black "protectiago"]
[Result "0-1"]
[WhiteElo "1943"]
[BlackElo "2129"]
[TimeControl "180+1"]
[EndTime "15:03:48 PDT"]
[Termination "protectiago won by checkmate"]

1. e4 e5 2. Nf3 Nc6 3. Bc4 Bc5 4. b4 Bxb4 5. c3 Ba5 6. d4 d6 7. d5 Nce7 8. Qa4+ c6 9. dxc6 bxc6 10. Qb3 d5 11.
exd5 cxd5 12. Bb5+ Bd7 13. Nxe5 Nf6 14. Nxd7 Nxd7 15. Qa4 Bb6 16. Ba3 Ng6 17. O-O Ne5 18. Re1 f6 19. Kf1 a6 20. Bc6 Rc8 21. f4 Kf7 22.
fxe5 Nxe5 23. Bb7 Rc4 24. Qd1 Rf4+ 25. Ke2 Rf2# 0-1

[Event "Late-Titled-Tuesday-Blitz-June-25-2024"]
[Site "Chess.com"]
[Date "2024.06.25"]
[Round "6"]
[White "andrew-blr"]
[Black "Engima32"]
[Result "1-0"]
[WhiteElo "2607"]
[BlackElo "2416"]
[TimeControl "180+1"]
[EndTime "15:03:49 PDT"]
[Termination "andrew-blr won by resignation"]

1. d4 d5 2. Nf3 Nf6 3. Nbd2 Bf5 4.
e3 e6 5. Nh4 Bg4 6. f3 Bh5 7.
c4 c6 8. Qb3 b6 9. cxd5 exd5 10.
Nf5 Bg6 11. Ng3 Bd6 12. Bd3 Qc7 13. Kf2 Nbd7 14. e4 dxe4 15. fxe4 Bxg3+ 16. hxg3 O-O-O 17. Ba6+ Kb8 18. e5 Ng4+ 19. Kg1 Ndxe5 20. dxe5 Qxe5 21.
Nf1 Rhe8 22. Bf4 f6 23. Bxe5+ Rxe5 24. Rh4 h5 25. Rd1 Rde8 26. Qc4 Rc5 27. Qf4+ Ree5 28. Rxg4 hxg4 29. Qxg4 Bf5 30. Qxg7 1-0

[Event "Late-Titled-Tuesday-Blitz-June-25-2024"]
[Site "Chess.com"]
[Date "2024.06.25"]
[Round "6"]
[White "CFalcons8"]
[Black "KChor05"]
[Result "0-1"]
[WhiteElo "2438"]
[BlackElo "2621"]
[TimeControl "180+1"]
[EndTime "15:03:50 PDT"]
[Termination "KChor05 won by resignation"]

1. d4 Nf6 2. c4 g6 3. Nc3 Bg7 4. e4 d6 5. h3 O-O 6. Be3 Nc6 7.
d5 Nb8 8. g4 e5 9. Qc2 c6 10.
dxc6 Nxc6 11. O-O-O Nd4 12. Bxd4 exd4 13. Nb5 Qa5 14.
Kb1 Bd7 15. Nxd4 Rac8 16. Nb3 Qe5 17. Bd3 Nxe4 18. Nf3 Qf6 19. Nfd4 Nc5 20. Nxc5 Rxc5 21. Nb3 Rc7 22. Rhe1 b5 23. Nc1 bxc4 24. Be4 Rb8 25. Re2 Ba4 0-1

[Event "Late-Titled-Tuesday-Blitz-June-25-2024"]
[Site "Chess.com"]
[Date "2024.06.25"]
[Round "6"]
[White "medinapazmiguel1968"]
[Black "th3d4rkness"]
[Result "1-0"]
[WhiteElo "2463"]
[BlackElo "2265"]
[TimeControl "180+1"]
[EndTime "15:03:50 PDT"]
[Termination "medinapazmiguel1968 won by resignation"]

1. d4 Nf6 2. c4 e6 3. Nf3 Bb4+ 4. Bd2 c5 5. Bxb4 cxb4 6. Nbd2 d5 7. e3 O-O 8. Bd3 b6 9. O-O Bb7 10. Ne5 Nbd7 11.
Ndf3 Nxe5 12. Nxe5 Nd7 13. Nxd7 Qxd7 14. cxd5 Qxd5 15. f3 Qg5 16. Qe2 Rac8 17. Rac1 Rfd8 18. Qd2 Rxc1 19. Rxc1 Bxf3 20. Qf2 Bd5 21. Rc7 e5 22. h4 Qg4 23. e4 Bxa2 24. d5 f5 25. exf5 Bxd5 26.
f6 gxf6 27. Bxh7+ 1-0

[Event "Late-Titled-Tuesday-Blitz-June-25-2024"]
[Site "Chess.com"]
[Date "2024.06.25"]
[Round "6"]
[White "AGW2016"]
[Black "farzadbfd"]
[Result "1-0"]
[WhiteElo "2563"]
[BlackElo "2692"]
[TimeControl "180+1"]
[EndTime "15:03:52 PDT"]
[Termination "AGW2016 won by resignation"]

1. d4 b6 2. Nf3 Bb7 3. Bf4 Nf6 4. e3 e6 5. h3 d6 6. Nbd2 Nbd7 7. Bd3 Be7 8. c3 O-O 9. Qe2 c5 10. Bg3 cxd4 11. cxd4 Re8 12. e4 Bf8 13. O-O e5 14. d5 Nc5 15. Bb5 Re7 16. b4 Ncd7 17. Rfc1 g6 18.
Bh4 Bh6 19. Bxd7 Rxd7 20. a4 Bg7 21. a5 Rc7 22. Nb3 Rxc1+ 23. Rxc1 Rc8 24. Rxc8 Qxc8 25. Bxf6 Bxf6 26. axb6 axb6 27. Qb5 Qc7 28. Nbd2 Kf8 29. Nc4 Bd8 30. h4 Bc8 31. Ne3 Bd7 32. Qa6 f5 33. exf5 gxf5 34. Ng5 Bxg5 35. hxg5 b5 36. Qa8+ Kg7 37. Qa5 f4 38. Qxc7 1-0

[Event "Late-Titled-Tuesday-Blitz-June-25-2024"]
[Site "Chess.com"]
[Date "2024.06.25"]
[Round "6"]
[White "Kildepiotr"]
[Black "Viktor_Poddubnyi"]
[Result "1-0"]
[WhiteElo "2705"]
[BlackElo "2326"]
[TimeControl "180+1"]
[EndTime "15:03:52 PDT"]
[Termination "Kildepiotr won on time"]

1. Nf3 g6 2. g3 Bg7 3. d4 Nf6 4. Bg2 O-O 5. O-O d6 6. Nbd2 Nc6 7. e4 e5 8. dxe5 dxe5 9. c3 a5 10. Qc2 Be6 11. b3 Qe7 12. a4 Rfd8 13. Ba3 Qe8 14. Rfd1 Bf8 15. Bxf8 Qxf8 16. Bf1 Qc5 17. Bc4 Ng4 18. Rf1 Bxc4 19. Nxc4 Rd7 20. Rad1 Rad8 21. Rxd7 Rxd7 22. h3 Nf6 23. Kg2 Kg7 24. Re1 b6 25.
Re3 h6 26. Rd3 Qe7 27. Nfd2 Qd8 28. Rxd7 Qxd7 29. Nf1 Ne8 30. Nfe3 Nf6 31. h4 h5 32.
f3 Qd8 33. Qd1 Qxd1 34. Nxd1 Kf8 35. Nde3 Ke7 36. Nd5+ Nxd5 37. exd5 1-0

[Event "Late-Titled-Tuesday-Blitz-June-25-2024"]
[Site "Chess.com"]
[Date "2024.06.25"]
[Round "6"]
[White "MarcoRiehle"]
[Black "Hikaru"]
[Result "0-1"]
[WhiteElo "2823"]
[BlackElo "3221"]
[TimeControl "180+1"]
[EndTime "15:03:54 PDT"]
[Termination "Hikaru won on time"]

1. e4 c6 2. c4 d5 3. exd5 cxd5 4. cxd5 Nf6 5. Nc3 Nxd5 6. Nf3 Nc6 7. Bb5 Nb4 8. O-O a6 9. Ba4 Nd3 10. Qe2 e6 11. Bc2 Nxc1 12. Raxc1 Be7 13. d4 O-O 14. Rfd1 Nb4 15. Bb1 Nd5 16. Ne5 Bg5 17. Rc2 b6 18. Nc6 Qe8 19. Nxd5 exd5 20. Re1 Bf5 21. Ne5 Bxc2 22.
Qxc2 g6 23. Nf3 Qd8 24. Nxg5 Qxg5 25. g3 Rac8 26. Qb3 Rc1 0-1

[Event "Late-Titled-Tuesday-Blitz-June-25-2024"]
[Site "Chess.com"]
[Date "2024.06.25"]
[Round "6"]
[White "GothamChess"]
[Black "Oleksandr_Bortnyk"]
[Result "0-1"]
[WhiteElo "2762"]
[BlackElo "3069"]
[TimeControl "180+1"]
[EndTime "15:03:57 PDT"]
[Termination "Oleksandr_Bortnyk won by resignation"]

1. e4 Nf6 2. Nc3 d5 3. exd5 Nxd5 4. Bc4 Nb6 5. Bb3 c5 6. d3 Nc6 7. Nf3 Bf5 8. Nh4 Bg6 9. Nxg6 hxg6 10. Bf4 e6 11.
Bg3 Bd6 12. Qg4 Bxg3 13. Qxg3 Nd4 14. Ne4 Nf5 15. Qe5 Nd7 16. Qc3 b5 17. a4 b4 18. Qd2 Qc7 19. h3 Nd4 20. Bc4 Ne5 21. Bb5+ Ke7 22. Qg5+ f6 23. Qg3 Nxc2+ 24. Kd2 Nxa1 25. Rxa1 a6 26. Rc1 axb5 27. Rxc5 Qd7 28. Rxe5 fxe5 29. Qxg6 Kf8 30. axb5 Rh6 31. Qg3 Qxb5 32.
Nd6 Qd5 33. Nc4 e4 34. Qf4+ Rf6 0-1

[Event "Late-Titled-Tuesday-Blitz-June-25-2024"]
[Site "Chess.com"]
[Date "2024.06.25"]
[Round "6"]
[White "reevecanada"]
[Black "KoshkaMatrioshka"]
[Result "1-0"]
[WhiteElo "2709"]
[BlackElo "2548"]
[TimeControl "180+1"]
[EndTime "15:04:00 PDT"]
[Termination "reevecanada won by resignation"]

1. Nf3 d5 2. b3 e6 3. Bb2 Nf6 4. d3 c5 5. Nbd2 Nc6 6. g3 g6 7. Bg2 Bg7 8. e4 O-O 9. O-O b5 10. Re1 a5 11. exd5 exd5 12. d4 c4 13. bxc4 bxc4 14.
Ne5 Ra6 15. Ndxc4 Nxe5 16. Nxe5 Re8 17. c4 dxc4 18. Nxc4 Rxe1+ 19. Qxe1 Be6 20. Ne3 a4 21. d5 Bd7 22. Qe2 Rb6 23. Bd4 Rb4 24. Bc5 Rb8 25.
Rc1 Rc8 26. d6 Bc6 27. Bxc6 Rxc6 28. Qb5 Qc8 29. Rc4 Nd7 30. Ba3 Rxc4 31. Nxc4 Nf6 32. Qxa4 h5 33. Nb6 Qf5 34. d7 Qb1+ 35. Kg2 Qxb6 36.
Qa8+ Kh7 37. d8=Q Ng4 38. Qxb6 1-0

[Event "Late-Titled-Tuesday-Blitz-June-25-2024"]
[Site "Chess.com"]
[Date "2024.06.25"]
[Round "6"]
[White "maximnovik"]
[Black "FloMasterAAK"]
[Result "1-0"]
[WhiteElo "2515"]
[BlackElo "2602"]
[TimeControl "180+1"]
[EndTime "15:04:12 PDT"]
[Termination "maximnovik won by resignation"]

1. e4 e5 2. Nf3 Nc6 3. Bc4 Nf6 4. d3 d5 5. exd5 Nxd5 6. O-O Be7 7. h3 Be6 8. Re1 Qd6 9. Nbd2 f5 10. Bb5 O-O 11.
Nc4 Qc5 12. a4 e4 13. d4 Nxd4 14. Nxd4 Bc8 15. Ne3 Nxe3 16. Bxe3 f4 17. Ne6 Qf5 18. Nxf4 c6 19. Bc4+ Kh8 20. Qh5 Bg5 21. Ne2 Bxe3 22.
Qxf5 Bxf5 23. fxe3 a6 24. a5 Bg6 25. Rad1 Rf5 26.
b4 c5 27. c3 cxb4 28. cxb4 Rg5 29. Nf4 Be8 30. Bd5 h5 31. Bxe4 Rb5 32. Rd4 g5 33. Ne6 1-0

[Event "Late-Titled-Tuesday-Blitz-June-25-2024"]
[Site "Chess.com"]
[Date "2024.06.25"]
[Round "6"]
[White "Mackster23"]
[Black "MatthewG-p4p"]
[Result "0-1"]
[WhiteElo "2677"]
[BlackElo "2924"]
[TimeControl "180+1"]
[EndTime "15:04:13 PDT"]
[Termination "MatthewG-p4p won by checkmate"]

1. e4 e6 2. d4 d5 3. Nc3 Bb4 4. e5 Ne7 5. a3 Bxc3+ 6. bxc3 c5 7. Qg4 cxd4 8. Bd3 Qa5 9. Ne2 O-O 10. Bg5 Ng6 11. Qg3 Nd7 12. f4 f5 13. h4 Rf7 14.
h5 Ngf8 15. O-O dxc3 16. Qe3 Nc5 17. Nd4 Bd7 18. Bh4 Rc8 19. Rfb1 b6 20. Be1 Nxd3 21. Qxd3 Ba4 22. Rb4 Rfc7 23. Kh2 Rc4 24. Rab1 Be8 25. h6 gxh6 26. R1b3 Qc5 27. Bf2 Ng6 28. Qf3 Qe7 29. Ne2 Ba4 30. Rxc3 Rxc3 31. Nxc3 Bxc2 32. g3 Be4 33.
Qe3 h5 34. Nb5 h4 35. Nd6 hxg3+ 36. Qxg3 Rc2 37. Rd4 Qh4+ 38. Qxh4 Nxh4 39. Kg3 Nf3 40. Rd1 h5 41. Rh1 h4+ 42. Kg2 Nd2+ 43. Nxe4 Nxe4 44.
Rf1 h3+ 45. Kf3 Nd2+ 46. Ke2 Nxf1+ 47. Kxf1 h2 48. Kg2 Rxf2+ 49. Kh1 Rxf4 50. a4 Rxa4 51. Kg2 Rg4+ 52. Kh1 a5 53. Kxh2 a4 54. Kh3 a3 55. Kh2 a2 56. Kh1 b5 57. Kh2 b4 58.
Kh3 b3 59. Kh2 b2 60. Kh1 d4 61. Kh2 d3 62. Kh3 d2 63. Kh2 Kf7 64. Kh1 d1=Q+ 65. Kh2 Qg1+ 66. Kh3 Qg2# 0-1

[Event "Late-Titled-Tuesday-Blitz-June-25-2024"]
[Site "Chess.com"]
[Date "2024.06.25"]
[Round "6"]
[White "theoneandonlydaaevik"]
[Black "ALRS-SPS"]
[Result "1-0"]
[WhiteElo "2596"]
[BlackElo "2441"]
[TimeControl "180+1"]
[EndTime "15:04:15 PDT"]
[Termination "theoneandonlydaaevik won by resignation"]

1. Nf3 Nf6 2. g3 d5 3. Bg2 e6 4. O-O Be7 5. b3 O-O 6. Bb2 c5 7. c4 Nc6 8. cxd5 Nxd5 9. d4 cxd4 10. Nxd4 Nxd4 11. Qxd4 Bf6 12. Qd2 Bxb2 13. Qxb2 Bd7 14. Rd1 Qb6 15. Nc3 Nxc3 16. Rxd7 Nd5 17. Bxd5 exd5 18. Rxd5 Rac8 19. Rad1 h6 20. e3 Rfd8 21. Rxd8+ Rxd8 22. Rxd8+ Qxd8 23. Qd4 Qa5 24. a4 a6 25. Kg2 Qg5 26. Qd7 b5 27. axb5 axb5 28. Qe8+ Kh7 29.
Qxf7 b4 30. Qc4 Qa5 31. e4 Qb6 32. Qd5 g6 33. e5 h5 34. e6 h4 35. e7 h3+ 36. Kxh3 Qxf2 37. e8=Q Qf1+ 38. Kh4 Qf6+ 39. Qg5 Qd4+ 40. Kh3 1-0

[Event "Late-Titled-Tuesday-Blitz-June-25-2024"]
[Site "Chess.com"]
[Date "2024.06.25"]
[Round "6"]
[White "cthulhuuu"]
[Black "komogro"]
[Result "0-1"]
[WhiteElo "2375"]
[BlackElo "2524"]
[TimeControl "180+1"]
[EndTime "15:04:20 PDT"]
[Termination "komogro won on time"]

1. e4 g6 2. d4 Bg7 3. Nc3 d6 4. f4 Nc6 5. Nf3 Bg4 6. Be3 Bxf3 7. gxf3 d5 8. Qd2 e6 9. O-O-O Nge7 10. h4 h5 11. Bh3 Qd7 12. f5 exf5 13. exf5 Nxf5 14. Rhg1 O-O-O 15. Rg5 Nce7 16. Bf4 Bf6 17. Rg2 Rde8 18.
Qd3 a6 19. Be5 Bxe5 20. dxe5 Kb8 21. Bxf5 Nxf5 22. f4 d4 23. Ne4 Qc6 24. Re2 Rd8 25. Kb1 Nxh4 26. Ng5 Qd5 27. e6 fxe6 28. Re5 Qd6 29.
Nf7 Qc6 30. Nxh8 Rxh8 31. Qxd4 Nf3 0-1

[Event "Late-Titled-Tuesday-Blitz-June-25-2024"]
[Site "Chess.com"]
[Date "2024.06.25"]
[Round "6"]
[White "N_I_Chess"]
[Black "Walter_White_Poland"]
[Result "0-1"]
[WhiteElo "2270"]
[BlackElo "2412"]
[TimeControl "180+1"]
[EndTime "15:04:20 PDT"]
[Termination "Walter_White_Poland won by checkmate"]

1. d4 d5 2. c4 e6 3. Nc3 c6 4.
Nf3 dxc4 5. a4 Bb4 6. e3 b5 7. Bd2 a5 8. axb5 Bxc3 9. bxc3 cxb5 10. Qb1 Bd7 11. e4 Nf6 12. Be2 O-O 13. Bd1 Nc6 14.
O-O b4 15. e5 Nd5 16. Ng5 g6 17. Ne4 bxc3 18. Bxc3 Rb8 19. Qc1 Ncb4 20. Qh6 f6 21. exf6 Nxf6 22. Bf3 Nfd5 23. Ng5 Qe7 24. Bxb4 axb4 25.
Rfe1 Rxf3 26. Nxf3 b3 27. Nd2 b2 28. Rab1 c3 29.
Ne4 c2 30. Qd2 cxb1=Q 31. Rxb1 Qb4 32. Qc2 Rc8 33. Qe2 Rc1+ 34. Qf1 Rxf1+ 35. Kxf1 Qxd4 36.
Ke1 Qxe4+ 37. Kd1 Qxb1+ 38. Ke2 Qc2+ 39. Kf3 b1=Q 40. Kg3 Qc3+ 41. f3 Qbe1+ 42. Kh3 e5+ 43. g4 Qxf3# 0-1

[Event "Late-Titled-Tuesday-Blitz-June-25-2024"]
[Site "Chess.com"]
[Date "2024.06.25"]
[Round "6"]
[White "manitodeplomo"]
[Black "merinasian"]
[Result "1-0"]
[WhiteElo "2593"]
[BlackElo "2399"]
[TimeControl "180+1"]
[EndTime "15:04:22 PDT"]
[Termination "manitodeplomo won by resignation"]

1. d4 d6 2. Nf3 Nd7 3. c4 g6 4. Nc3 Bg7 5. e4 e5 6. Be2 Ne7 7. O-O O-O 8. Bg5 h6 9. Be3 exd4 10. Nxd4 Nc6 11. Qd2 Kh7 12. Rad1 Nde5 13. f3 Nxd4 14. Bxd4 Be6 15. b3 c5 16. Be3 Qa5 17. Nb5 Qxd2 18.
Rxd2 f5 19. Nc7 Rae8 20. Nxe8 Rxe8 21. Rxd6 fxe4 22. fxe4 b6 23. h3 g5 24. Rfd1 Re7 25. Bh5 Bc8 26. a4 Bb7 27. Bf3 Rf7 28. Rf1 Nc6 29.
Bg4 Ne5 30. Rxf7 Nxf7 31. Rd7 1-0

[Event "Late-Titled-Tuesday-Blitz-June-25-2024"]
[Site "Chess.com"]
[Date "2024.06.25"]
[Round "6"]
[White "DanylaBagrov"]
[Black "albayo"]
[Result "0-1"]
[WhiteElo "2565"]
[BlackElo "2413"]
[TimeControl "180+1"]
[EndTime "15:04:22 PDT"]
[Termination "albayo won on time"]

1. e4 c5 2. Nf3 Nc6 3. Bb5 e5 4. Bxc6 dxc6 5. O-O Bd6 6. d3 Ne7 7.
Nbd2 Ng6 8. Nc4 Bc7 9. a4 b6 10. Be3 Qe7 11. a5 b5 12. Ncd2 Be6 13. Nb3 c4 14.
Nc5 cxd3 15. cxd3 O-O 16. Qc2 Rfd8 17. Rfc1 Bg4 18. Ne1 Bd6 19. h3 Bc8 20. Nf3 h6 21. Nd2 Qf6 22. Nf1 Nh4 23. Ng3 Bxh3 24. Nf5 Nxg2 25.
Qe2 Nf4 26. Bxf4 exf4 27. Nxd6 Qg5+ 0-1

[Event "Late-Titled-Tuesday-Blitz-June-25-2024"]
[Site "Chess.com"]
[Date "2024.06.25"]
[Round "6"]
[White "SimplyDevina"]
[Black "betta2004"]
[Result "0-1"]
[WhiteElo "2325"]
[BlackElo "2491"]
[TimeControl "180+1"]
[EndTime "15:04:22 PDT"]
[Termination "betta2004 won by resignation"]

1. d4 d5 2. c4 e6 3. Nc3 Nf6 4.
cxd5 exd5 5. Bg5 c6 6. e3 Be7 7.
Bd3 Nbd7 8. Nf3 Nh5 9. Bxe7 Qxe7 10. Qe2 Nb6 11. a4 g6 12. a5 Nd7 13. O-O f5 14. Qc2 Nhf6 15. a6 b6 16. Ne2 c5 17.
Bb5 O-O 18. Nf4 Qd6 19. Rfd1 c4 20. b3 cxb3 21. Qxb3 Kh8 22. Ng5 Nb8 23. Rdc1 Bd7 24. Nd3 Bxb5 25. Qxb5 Ng4 26. g3 Nd7 27. Rc6 Qe7 28.
Nf3 Nxe3 29. fxe3 Qxe3+ 30. Kg2 Qe2+ 31. Nf2 Qxb5 0-1

[Event "Late-Titled-Tuesday-Blitz-June-25-2024"]
[Site "Chess.com"]
[Date "2024.06.25"]
[Round "6"]
[White "szachmistrz2500"]
[Black "romulocardoso"]
[Result "1-0"]
[WhiteElo "2469"]
[BlackElo "2314"]
[TimeControl "180+1"]
[EndTime "15:04:22 PDT"]
[Termination "szachmistrz2500 won by resignation"]

1. e4 c5 2. Nf3 g6 3. c3 Bg7 4. d4 cxd4 5. cxd4 d6 6. Nc3 Nf6 7. h3 O-O 8. Bd3 e5 9. d5 Ne8 10. O-O f5 11. Ng5 h6 12. Ne6 Bxe6 13. dxe6 f4 14. Bc4 Qe7 15. Qg4 Kh7 16. Nd5 Qg5 17.
Qxg5 hxg5 18. f3 Nc6 19. Bd2 Nf6 20. Nxf6+ Bxf6 21. Rfd1 Rac8 22. Rac1 Rfe8 23. Bd5 Nd4 24. Kf2 Rxc1 25. Rxc1 Nxe6 26. Bxe6 Rxe6 27. Rc7+ Re7 28. Rc8 Rd7 29. Bc3 Bd8 30. Ke2 Bb6 31. a4 Kg7 32.
Kd3 Kf6 33. Kc4 Rd8 34. Rxd8 Bxd8 35. Kd5 Ke7 36. Bb4 Kd7 37. Bxd6 a6 38. Bxe5 b5 39. axb5 axb5 40. Bd6 Bb6 41. e5 Be3 42. e6+ Ke8 43. Kc6 Bd4 44. b3 1-0